 Dungeon Sprint DCSS version 0.30-a0-347-gf58ed5266c (webtiles) character file.

Game seed: 8571373675501493566

1000000 p00ps00p the Trooper (level 1, -13/27 HPs)
             Began as a Demonspawn Fighter on Nov 6, 2022.
             Mangled by a meat berserker
             ... wielding a +9 battleaxe
              (31 damage)
             ... in the Dungeon (Sprint VIII: "Arena of Blood").
             The game lasted 00:00:29 (10 turns).

p00ps00p the Trooper (Demonspawn Fighter)             Turns: 10, Time: 00:00:29

Health: -13/27     AC:  6    Str: 16    XL:     1   Next: 0%
Magic:  1/1        EV:  9    Int:  9    God:
Gold:   0          SH:  0    Dex: 12    Spells: 0/0 levels left

rFire   . . .      SeeInvis .    k - +∞ Axe of Woe
rCold   . . .      Faith    .    (shield currently unavailable)
rNeg    . . .      Spirit   .    b - +0 scale mail
rPois   .          Reflect  .    (no helmet)
rElec   .          Harm     .    (no cloak)
rCorr   .          Rampage  .    (no gloves)
Will    .....      NoTele   +    (no boots)
Stlth   ..........               (no amulet)
HPRegen 0.24/turn                (no ring)
MPRegen 0.07/turn                (no ring)

@: berserking (expiring), very quick
A: no striking features
a: no special abilities


You were in the Dungeon.
You visited 1 branch

Inventory:

Hand Weapons
 a - a +0 war axe
 k - the +∞ Axe of Woe (weapon)
   (You found it in the Dungeon)
Armour
 b - a +0 scale mail (worn)
 c - a +0 buckler
Scrolls
 j - a scroll of blinking
Potions
 d - a potion of might
 e - a potion of curing
 f - a potion of heal wounds
 g - a potion of haste
 h - 2 potions of magic


   Skills:
 + Level 3.0 Fighting
 + Level 1.7 Axes
 + Level 2.6 Armour
 + Level 2.6 Shields


You couldn't memorise any spells.
You didn't know any spells.
Your spell library was empty.

Dungeon Overview and Level Annotations

Branches:
Dungeon (1/1)

Altars:
Makhleb


Message History

Found a staircase leading out of the dungeon.
k - the +∞ Axe of Woe You hear a shout! x4
Keep disrobing?
You start removing your armour.
You continue taking off your +0 buckler.
The bag of meat shouts! x2; You hear a shout! x9
You continue taking off your +0 buckler.
You hear a shout! x4
You continue taking off your +0 buckler.
The bag of meat shouts!
You hear a shout! x7
You continue taking off your +0 buckler.
The bag of meat shouts!
You hear a shout! x3
You finish taking off your +0 buckler.
k - the +∞ Axe of Woe (weapon)
You hear a shout! x6
Unknown command.
You hear a shout! x6
A red film seems to cover your vision as you go berserk!
You feel yourself moving faster!
You feel mighty!
You hear a shout! x4
The bag of meat hits you with a +9 war axe!
A bag of meat comes into view. It is wielding a +9 war axe.
You hear a shout! x5
You feel a strong urge to attack something.
The meat berserker appears out of thin air!
A meat berserker comes into view. It is wielding a +9 battleaxe.
The meat berserker shouts!
You hear a shout! x5
The meat berserker rages.
You slash the bag of meat!
You fatally mangle the bag of meat.
You kill the bag of meat!
You slash the bag of meat!
You fatally mangle the bag of meat.
You kill the bag of meat!
You slash the meat berserker!
You chop the meat berserker into pieces.
You kill the meat berserker!
You hear a shout! x5
The meat berserker hits you with a +9 battleaxe!!
Ouch! That really hurt!
You die...

... .. #.. ..#
. #.. ..#
o.###.. ..###.
....o.###......
....._o.....
#.....# #_.<._#
#.)@).#
......._O......
.O....###......
..###.. ..###.
. #.. ..# #..
o# ... O. .. ..


You could see 2 meat berserkers and 3 bags of meat.

Vanquished Creatures
  An ogre (D)
  2 orcs (D)
3 creatures vanquished.

Notes
Turn   | Place    | Note
-------+----------+-------------------------------------------
     0 | D        | Found the +∞ Axe of Woe
     0 | D        | p00ps00p the Demonspawn Fighter began the quest for the
                  | Orb.
     0 | D        | Reached XP level 1. HP: 18/18 MP: 1/1
     1 | D        | Noticed a bag of meat
     1 | D        | Noticed a bag of meat
     3 | D        | Noticed a bag of meat
     3 | D        | Noticed a bag of meat
     4 | D        | Noticed a meat berserker
     4 | D        | Noticed a bag of meat
     5 | D        | Noticed a meat berserker
     8 | D        | Noticed a bag of meat
     9 | D        | Noticed a meat berserker
    10 | D        | Killed a bag of meat
    10 | D        | Killed a bag of meat
    10 | D        | Killed a meat berserker
    10 | D        | Mangled by a meat berserker

Illustrated notes

Levels and vault maps discovered:
D:        meatsprint

Action                   || total
-------------------------++-------
Melee: Executioner's axe ||     1
  Use: Potion            ||     1

Table legend: (Time is in decaauts)
 A = Elapsed time spent in this place.
 B = Non-inter-level travel time spent in this place.
 C = Inter-level travel time spent in this place.
 D = Time resting spent in this place.
 E = Time spent auto-exploring this place.
 F = Levels seen in this place.
 G = Mean time per level.
                   A        B        C        D        E       F      G
               +--------+--------+--------+--------+--------+-----+--------+
         Total |      9 |      9 |      0 |      0 |      0 |   1 |    9.0 |
       Dungeon |      9 |      9 |      0 |      0 |      0 |   1 |    9.0 |
               +--------+--------+--------+--------+--------+-----+--------+

Top non-repeatable levels by time:
       D: 9 daAuts
